 Dungeon Crawl Stone Soup version 0.18.1-48-g4cf74bf (webtiles) character file.

346460 Quirk the Warrior (level 21, -2/195 HPs)
             Began as a Minotaur Fighter on July 22, 2016.
             Was the Champion of Okawaru.
             Slain by a deep troll earth mage (8 damage)
             ... on level 2 of the Depths on Aug 30, 2016.
             The game lasted 02:49:10 (48158 turns).

Quirk the Warrior (Minotaur Fighter)               Turns: 48158, Time: 02:49:10

Health: -2/195     AC: 35    Str: 27      XL:     21   Next: 19%
Magic:  20/20      EV: 20    Int:  5 (7)  God:    Okawaru [******]
Gold:   3158       SH: 25    Dex: 14      Spells: 7 memorised, 11 levels left

rFire  + + +     SeeInvis +     Y - +3 broad axe of Boiceits {chop, rPois rF+ MP-9 Dex+3}
rCold  + + .     Gourm    .     A - +9 plate armour "Sajiask" {*Corrode rF+++ rC++ Int-4}
rNeg   . . .     Faith    .     Z - +3 shield "Logyhet" {rElec rPois Str-2 SInv}
rPois  +         Spirit   .     J - +1 hat
rElec  +         Dismiss  .     P - +0 cloak {+Inv}
rCorr  .         Reflect  +     v - +1 pair of gloves
SustAt .         Harm     .     W - +2 pair of boots {run}
MR     +....                    V - +4 amulet of reflection
Stlth  ..........               B - +5 ring of slaying
                                M - +5 ring of intelligence

@: heroism, corroded, slowed, lost intelligence, studying Transmutations, very
slow, somewhat resistant to hostile enchantments, extremely unstealthy
A: retaliatory headbutt, horns 2
a: Heroism, Finesse, Renounce Religion, Evoke Invisibility
}: 2/15 runes: decaying, serpentine


You were on level 2 of the Depths.
You worshipped Okawaru.
Okawaru was exalted by your worship.
You were very full.

You visited 9 branches of the dungeon, and saw 40 of its levels.
You visited the Abyss 2 times.
You visited 1 bazaar.
You also visited: Labyrinth, Ossuary, Bailey and Volcano.

You collected 4030 gold pieces.
You spent 872 gold pieces at shops.

Inventory:

Hand Weapons
 l - the +3 war axe "Derahubb" {chop, rElec Str+4}
   (You found it on level 3 of the Lair of Beasts)

   It inflicts extra damage upon your enemies.
   It affects your strength (+4).
   It insulates you from electricity.
 o - the +9 spear "Evih Atui" {antimagic, *Rage Int+4 Dex+5}
   (You found it on level 11 of the Dungeon)

   It disrupts the flow of magical energy around spellcasters and certain
   magical creatures (including the wielder).
   It affects your intelligence (+4).
   It affects your dexterity (+5).
   It may make you go berserk in combat.
 N - the +6 whip of Objectivity {slash, Dex+5 Stlth-}
   (You found it on level 1 of the Elven Halls)

   It inflicts extra damage upon your enemies.
   It affects your dexterity (+5).
   It makes you less stealthy.
 Y - the +3 broad axe of Boiceits (weapon) {chop, rPois rF+ MP-9 Dex+3}
   (Okawaru gifted it to you on level 11 of the Dungeon)

   It inflicts extra damage upon your enemies.
   It affects your dexterity (+3).
   It protects you from fire.
   It protects you from poison.
   It affects your magic capacity (-9).
Missiles
 e - 33 tomahawks of returning (quivered)
 h - 6 throwing nets
Armour
 p - the +5 ring mail "Luerph" {Int+4 SInv}
   (Okawaru gifted it to you on level 14 of the Dungeon)

   It affects your intelligence (+4).
   It lets you see invisible.
 t - the +2 shield "Jausoutz" {+Inv rF+ Int+3}
   (Okawaru gifted it to you on level 1 of the Snake Pit)

   It affects your intelligence (+3).
   It protects you from fire.
   It lets you turn invisible.
 v - a +1 pair of gloves (worn)
 A - the +9 plate armour "Sajiask" (worn) {*Corrode rF+++ rC++ Int-4}
   (You took it off a big kobold on level 10 of the Dungeon)

   It affects your intelligence (-4).
   It renders you almost immune to fire.
   It greatly protects you from cold.
   It may corrode you when you take damage.
 C - the +0 pearl dragon armour "Soqiuth" {rN+ Regen+ Int+4}
   (Okawaru gifted it to you on level 6 of the Lair of Beasts)

   It affects your intelligence (+4).
   It protects you from negative energy.
   It increases your rate of regeneration.
 I - the +0 chain mail "Xaikal" {-Tele rC++ Int+4 Dex+2}
   (Okawaru gifted it to you on level 2 of the Orcish Mines)

   It affects your intelligence (+4).
   It affects your dexterity (+2).
   It greatly protects you from cold.
   It prevents most forms of teleportation.
 J - a +1 hat (worn)
 P - a +0 cloak of invisibility (worn)
 W - a +2 pair of boots of running (worn)
 Z - the +3 shield "Logyhet" (worn) {rElec rPois Str-2 SInv}
   (You acquired it on level 1 of the Depths)

   It affects your strength (-2).
   It insulates you from electricity.
   It protects you from poison.
   It lets you see invisible.
Rods
 U - a +4 lightning rod (11/11)
   (You took it off a minotaur in a labyrinth)
Jewellery
 j - an uncursed amulet of the gourmand
 r - an uncursed amulet of rage
 y - an uncursed ring of flight
 z - an uncursed amulet of guardian spirit
 B - a +5 ring of slaying (right hand)
 K - the ring of Shaolin {EV+8}
   (You found it in a bazaar)

   [ring of evasion]

   It affects your evasion (+8).
 L - an uncursed ring of sustain attributes
 M - a +5 ring of intelligence (left hand)
 Q - an uncursed ring of positive energy
 R - an uncursed ring of resist corrosion
 S - an uncursed ring of see invisible
 V - a +4 amulet of reflection (around neck)
Wands
 b - a wand of acid (9/15)
 m - a wand of lightning (10/15)
 n - a wand of confusion (13/48)
 H - a wand of iceblast (7/15)
 X - a wand of slowing (11/48)
Scrolls
 a - 17 scrolls of remove curse
 c - a scroll of identify
 d - 4 scrolls of fog
 i - 9 scrolls of blinking
 x - 7 scrolls of teleportation
Potions
 g - 2 potions of heal wounds
 k - 3 potions of haste
 u - 9 potions of curing
 w - 3 potions of agility
 E - a potion of resistance
 F - 5 potions of berserk rage
 G - 2 potions of cancellation
Books
 q - a manual of Transmutations
Miscellaneous
 D - a phantom mirror
 T - a legendary deck of summoning {the Elements}
Comestibles
 f - 26 bread rations
 s - 8 meat rations
 O - 17 beef jerkies


   Skills:
 + Level 18.7(23.7) Fighting
 + Level 18.3(23.3) Axes
 + Level 18.6(23.6) Armour
 + Level 17.5(22.5) Dodging
 + Level 18.5(23.5) Shields
 + Level 9.3 Transmutations
 - Level 12.3 Invocations
 + Level 6.7 Evocations


You had 11 spell levels left.
You knew the following spells:

 Your Spells              Type           Power        Failure   Level  Hunger
a - Corona                Hex            #......      99%         1    ##.....
b - Shock                 Conj/Air       #...         99%         1    ##.....
c - Summon Small Mammal   Summ           #...         99%         1    ##.....
d - Magic Dart            Conj           #...         99%         1    ##.....
e - Call Imp              Summ           #.......     100%        2    ###....
f - Blink                 Tloc           N/A          100%        2    ###....
g - Infusion              Chrm           #...         99%         1    ##.....


Dungeon Overview and Level Annotations

Branches:
Dungeon (15/15)            Temple (1/1) D:6            Lair (8/8) D:10
  Swamp (4/4) Lair:4        Snake (4/4) Lair:6        Slime (0/6) Lair:6
    Orc (2/2) D:12            Elf (1/3) Orc:2        Vaults (3/5) D:14
  Crypt (0/3) Vaults:3     Depths (2/5) D:15

Altars:
Ashenzari
Cheibriados
Dithmenos
Elyvilon
Fedhas
Gozag
Kikubaaqudgha
Makhleb
Nemelex Xobeh
Okawaru
Pakellas
Qazlal
Ru
Sif Muna
Trog
Vehumet
Xom
Yredelemnul
Zin
The Shining One
Jiyva

Shops:
D:11 :   Orc:2 %[%   Elf:1 (   Vaults:1 :!   Vaults:2 }

Portals:
Hell: Depths:1
Pandemonium: Depths:1
Trove: D:12 (show abyssal rune of Zot)

Annotations:
D:8 Erica, Pikel
D:12 exclusion: orange crystal statue
Lair:1 exclusion: oklob plant


Innate Abilities, Weirdness & Mutations

You reflexively headbutt those who attack you in melee.
You have a pair of horns on your head.


Message History

The deep troll earth mage bites you but does no damage.
The deep troll earth mage claws you!
* * * LOW HITPOINT WARNING * * *
You block the deep troll earth mage's attack.
The deep troll earth mage bites you but does no damage.
The deep troll earth mage claws you but does no damage.
The deep troll earth mage completely misses you. x2
The deep troll earth mage closely misses you.
You block the deep troll earth mage's attack.
The redback completely misses you. You furiously retaliate!
You headbutt the redback. You block the deep troll's attack.
The deep troll claws you but does no damage. x2
The entropy weaver mumbles some strange words.
The entropic weave corrodes you! The deep troll closely misses you.
You furiously retaliate!
You headbutt the deep troll.
The deep troll claws you but does no damage.
The deep troll misses you.
The deep troll earth mage closely misses you. x2
The deep troll earth mage claws you!
You die...

.#..#..................
....##....##...........
....##.#####..........
..####.##..#......... .
...#<..##...#..(...## ..
....................#...
............(......(....
............[))TTT......
...............†@TG.....
...............#Ts...##.
...............s#.:.##
................##....
###............p. ......
..................
........... ..... ....s.
.....


You could see an entropy weaver, a giant orange brain, 2 deep trolls, 3 deep
troll earth magi and 3 redbacks.

Vanquished Creatures
  Sojobo (D:15)
  The ghost of letownia the Slayer, a veteran OpWz of Gozag (Depths:1)
  Norris (D:14)
  2 bone dragons (Abyss:3)
  Nikola (Swamp:1)
  A tentacled monstrosity (Swamp:3)
  Jorgrun (Swamp:2)
  Rupert (Lair:7)
  Asterion (Depths:2)
  A sphinx (Vaults:3)
  A thorn hunter (Swamp:4)
  Kirke (Swamp:1)
  Roxanne (D:15)
  Agnes (D:14)
  4 tengu reavers
  Wiglaf (Vaults:1)
  A fire giant (Depths:2)
  The ghost of chfi the Shatterer, a journeyman MiFi of Zin (Snake:1)
  Donald (D:14)
  10 greater nagas
  6 vault wardens
  2 deep elf sorcerers (Vaults:1)
  Louise (Swamp:2)
  Aizul (Vaults:3)
  2 very ugly things
  9 ironheart preservers
  3 stone giants
  A war gargoyle (Vaults:3)
  Azrael (Snake:1)
  2 deep elf demonologists
  A red draconian (Abyss:3)
  2 deep elf death magi (Vaults:1)
  Snorg (Lair:6)
  4 dire elephants
  A minotaur (Lab)
  A blizzard demon (Abyss:3)
  The ghost of Kloppie the Impaler, a journeyman MfBe of Trog (Volcano)
  A crystal guardian (Vaults:3)
  6 ettins
  A fire dragon (Vaults:3)
  Harold (Lair:1)
  5 yaktaur captains
  25 hydras
  3 great orbs of eyes
  A jiangshi (Depths:2)
  Erolcha (D:8)
  10 ogre magi
  16 naga warriors
  An entropy weaver (Depths:1)
  Fannar (Lair:1)
  3 ice dragons
  14 centaur warriors
  A ghost crab (Swamp:4)
  20 anacondas
  9 alligators
  3 deep troll earth magi
  9 death yaks
  2 death knights
  A dancing weapon (Orc:2)
  3 deep troll shamans
  2 vampire magi
  8 thrashing horrors (Abyss:3)
  3 tengu warriors
  6 naga sharpshooters
  An orc high priest (Orc:1)
  6 shock serpents
  4 deep elf knights
  A spatial maelstrom (Abyss:3)
  Sonja (Orc:2)
  2 fire crabs
  4 skeletal warriors (D:15)
  A flayed ghost (Vaults:2)
  6 salamander mystics
  3 unseen horrors
  3 wizards
  4 spriggan druids
  19 deep trolls
  9 swamp dragons
  A shadow wraith (Vaults:2)
  An unseen horror (shapeshifter) (Vaults:3)
  8 naga ritualists
  3 giant orange brains
  10 ironbrand convokers
  7 deep elf archers
  8 hill giants
  4 lindwurms (Snake:4)
  3 harpies (Vaults:2)
  A swamp dragon (shapeshifter) (Vaults:1)
  3 wolf spiders
  12 deep elf magi
  An orb spider (shapeshifter) (Depths:1)
  4 manticores
  16 mana vipers
  6 griffons
  3 hornets
  12 orc knights
  42 ugly things
  8 cyclopes
  7 orc sorcerers
  5 salamanders
  27 elephants
  A guardian serpent (shapeshifter) (D:13)
  19 naga magi
  9 guardian serpents
  10 vault sentinels
  38 black mambas
  An ice statue (D:11)
  An octopode (shapeshifter) (Vaults:2)
  2 molten gargoyles (Volcano)
  Joseph (D:7)
  Psyche (D:8)
  6 centaur skeletons
  18 spiny frogs
  A smoke demon (Abyss:3)
  3 kobold demonologists
  A yaktaur (shapeshifter) (Vaults:3)
  33 yaktaurs
  4 freezing wraiths
  4 komodo dragons
  7 trolls
  2 jumping spiders
  A polar bear (Lair:2)
  2 jumping spiders (shapeshifter)
  A tengu simulacrum (Vaults:3)
  A wolf spider simulacrum (D:15)
  A troll (shapeshifter) (Vaults:1)
  3 giant leeches
  3 bog bodies
  A raiju (Abyss:3)
  12 slime creatures
  14 two-headed ogres
  A hornet zombie (D:15)
  3 boulder beetles
  12 blink frogs
  A centaur simulacrum (D:15)
  9 redbacks
  3 spriggans (Swamp:3)
  The ghost of aves the Shield-Bearer, an amateur VSFi (D:4)
  5 shadows
  2 tarantellas
  4 fire elementals (Snake:1)
  2 hogs (Swamp:1)
  A vampire (D:13)
  A wyvern (D:10)
  3 wraiths
  45 yaks
  2 hungry ghosts
  16 humans (D:14)
  A large abomination (Abyss:3)
  4 fire bats (Volcano)
  36 vampire mosquitoes
  9 hippogriffs
  A mottled dragon (Volcano)
  48 nagas
  12 water moccasins
  4 hell hounds
  A soldier ant (D:14)
  8 wargs
  14 swamp worms
  Duvessa (D:4)
  10 porcupines
  3 black bears
  7 sky beasts
  35 ogres
  47 orc warriors
  4 phantoms
  12 swamp drakes
  17 boggarts
  An eye of draining (D:14)
  3 wasps (Swamp:3)
  An ice beast (D:10)
  A necrophage (D:13)
  13 wolves
  43 centaurs
  12 crocodiles
  9 big kobolds
  5 elf zombies (Ossuary)
  23 giant frogs
  Dowan (D:4)
  A wyvern skeleton (D:10)
  A scorpion (D:10)
  30 killer bees
  13 wights
  2 electric eels
  5 howler monkeys
  A giant frog zombie (D:11)
  7 crimson imps
  5 lava snakes (Volcano)
  A quasit (Abyss:3)
  6 centaur zombies
  3 human zombies (Ossuary)
  6 jellies
  15 orc priests
  A gnoll shaman (D:4)
  8 giant frog skeletons
  12 hounds
  26 orc wizards
  5 iguanas
  5 hell rats (Lair:6)
  13 worker ants
  A boulder beetle simulacrum (Vaults:2)
  A killer bee zombie (D:9)
  35 sheep
  A hound zombie (D:7)
  A hound skeleton (D:10)
  3 mummies (Ossuary)
  A howler monkey zombie (D:10)
  10 adders
  7 gnolls
  2 howler monkey skeletons
  83 river rats
  4 shadow imps
  A white imp (Vaults:3)
  4 oozes
  An adder zombie (D:5)
  An adder skeleton (D:6)
  A dart slug (D:4)
  6 giant geckos
  106 orcs
  7 bats
  4 giant cockroaches
  11 goblins
  10 hobgoblins
  13 jackals
  33 kobolds
  8 quokkas
  A ball python (D:4)
  4 giant newts
  A jackal skeleton (D:6)
  4 rats
  7 fungi
  6 plants
1726 creatures vanquished.

Vanquished Creatures (others)
  2 jiangshi (Depths:2)
  A wizard (Depths:1)
  A deep elf mage (Elf:1)
  A boggart (Vaults:3)
  An orc wizard (Orc:2)
  2 bushes (Lair:8)
  8 fungi
  A lurking horror (Abyss:3)
  4 plants
21 creatures vanquished.

Grand Total: 1747 creatures vanquished

Notes
Turn   | Place    | Note
--------------------------------------------------------------
     0 | D:1      | Quirk the Minotaur Fighter began the quest for the Orb.
     0 | D:1      | Reached XP level 1. HP: 19/19 MP: 0/0
   170 | D:1      | Reached XP level 2. HP: 26/27 MP: 1/1
   917 | D:2      | Reached skill level 1 in Dodging
   940 | D:2      | Reached XP level 3. HP: 33/33 MP: 2/2
  1322 | D:2      | Found a sacrificial altar of Ru.
  1660 | D:3      | Reached XP level 4. HP: 34/40 MP: 3/3
  2169 | D:4      | Reached XP level 5. HP: 47/47 MP: 4/4
  2193 | D:4      | Found a shimmering altar of Xom.
  2407 | D:4      | Reached skill level 5 in Shields
  2551 | D:4      | Reached XP level 6. HP: 49/55 MP: 5/5
  2623 | D:4      | Reached skill level 5 in Fighting
  2684 | D:4      | Noticed Duvessa
  2684 | D:4      | Noticed Dowan
  2697 | D:4      | Killed Duvessa
  2697 | D:4      | Reached skill level 5 in Armour
  2697 | D:4      | Killed Dowan
  3094 | D:4      | Noticed aves's ghost (amateur VSFi)
  3094 | D:4      | Reached XP level 7. HP: 61/61 MP: 6/6
  3508 | D:4      | Killed aves's ghost
  3724 | D:4      | Reached skill level 5 in Axes
  3820 | D:5      | Entered Level 5 of the Dungeon
  3841 | D:5      | Found a glowing silver altar of Zin.
  3866 | D:5      | Found a shattered altar of Ashenzari.
  3958 | D:5      | Found a bloodstained altar of Trog.
  4012 | D:5      | Found a blossoming altar of Fedhas.
  4038 | D:5      | Found a sparkling altar of Nemelex Xobeh.
  4054 | D:5      | Reached XP level 8. HP: 56/70 MP: 7/7
  4064 | D:5      | Found a shadowy altar of Dithmenos.
  4159 | D:5      | Got a twisted leather armour
  4170 | D:5      | Identified the cursed +0 leather armour of Context {Slay+5} (You found it on level 5 of the Dungeon)
  4323 | D:5      | Found a sand-covered staircase.
  4332 | Ossuary  | Entered an ossuary
  4385 | Ossuary  | Reached skill level 5 in Dodging
  4578 | D:6      | Found a staircase to the Ecumenical Temple.
  4597 | Temple   | Entered the Ecumenical Temple
  4769 | Temple   | Became a worshipper of Warmaster Okawaru
  4918 | D:6      | Reached XP level 9. HP: 51/79 MP: 8/8
  5479 | D:6      | Found a deep blue altar of Sif Muna.
  5489 | D:6      | Learned a level 1 spell: Corona
  5575 | D:7      | Reached * piety under Okawaru
  5602 | D:7      | Noticed Joseph
  5613 | D:7      | Killed Joseph
  5632 | D:7      | Found a deep blue altar of Sif Muna.
  6551 | D:8      | Noticed Pikel
  6551 | D:8      | Noticed Erica
  6606 | D:8      | Noticed Psyche
  6620 | D:8      | Killed Psyche
  6620 | D:8      | Reached ** piety under Okawaru
  6641 | D:8      | Found a flagged portal.
  6672 | D:8      | Reached XP level 10. HP: 83/90 MP: 9/9
  6712 | Bailey   | Entered a bailey
  6810 | Bailey   | Got a dull robe
  6829 | Bailey   | Identified the cursed +1 robe "Pocudyhin" {rC+ MP+9 Int+2 Dex-2} (You found it in a bailey)
  7017 | D:8      | Noticed Erolcha
  7029 | D:8      | Killed Erolcha
  7489 | D:8      | Reached *** piety under Okawaru
  7710 | D:8      | Found a sacrificial altar of Ru.
  7718 | D:8      | Found a basalt altar of Yredelemnul.
  7718 | D:8      | Found a radiant altar of Vehumet.
  8164 | D:8      | Found a white marble altar of Elyvilon.
  8785 | D:10     | Entered Level 10 of the Dungeon
  8888 | D:10     | Reached **** piety under Okawaru
  8980 | D:10     | Reached skill level 10 in Shields
  9007 | D:10     | Reached skill level 10 in Fighting
  9021 | D:10     | Reached XP level 11. HP: 99/99 MP: 10/10
  9364 | D:10     | Noticed a griffon
  9366 | D:10     | Noticed a four-headed hydra
  9369 | D:10     | Noticed a hill giant
  9432 | D:10     | HP: 3/99 [four-headed hydra (13)]
  9435 | D:10     | Killed a four-headed hydra
  9785 | D:10     | Killed a hill giant
  9898 | D:10     | Got a spiked plate armour
  9913 | D:10     | Identified the +9 plate armour "Sajiask" {*Corrode rF+++ rC++ Int-4} (You took it off a big kobold on level 10 of the Dungeon)
  9972 | D:10     | Killed a griffon
  9972 | D:10     | Reached ***** piety under Okawaru
 10187 | D:10     | Found a staircase to the Lair.
 10358 | D:11     | Reached skill level 10 in Armour
 10373 | D:11     | Noticed a cyan ugly thing
 10386 | D:11     | Killed a cyan ugly thing
 10386 | D:11     | Received a gift from Okawaru
 10389 | D:11     | Got a transparent broad axe {god gift}
 10390 | D:11     | Identified the +3 broad axe of Boiceits {chop, rPois rF+ MP-9 Dex+3} (Okawaru gifted it to you on level 11 of the Dungeon)
 10493 | Lair:1   | Entered Level 1 of the Lair of Beasts
 10643 | Lair:1   | Reached skill level 10 in Axes
 10831 | Lair:1   | Reached skill level 1 in Invocations
 10879 | Lair:1   | Noticed a seven-headed hydra
 11107 | Lair:1   | You fall through a shaft!
 11219 | Lair:1   | Noticed Harold
 11228 | Lair:1   | Killed Harold
 11228 | Lair:1   | Received a gift from Okawaru
 11396 | Lair:1   | Noticed Fannar
 11447 | Lair:1   | Killed a seven-headed hydra
 11456 | Lair:1   | Killed Fannar
 11456 | Lair:1   | Reached XP level 12. HP: 109/110 MP: 2/13
 11921 | Lair:2   | Reached skill level 10 in Dodging
 12042 | Lair:2   | Noticed a six-headed hydra
 12061 | Lair:2   | Killed a six-headed hydra
 12267 | Lair:2   | Identified a -2 rod of ignition (11/11) (You found it on level 2 of the Lair of Beasts)
 12325 | Lair:2   | Noticed a five-headed hydra
 12334 | Lair:2   | Killed a five-headed hydra
 12741 | Lair:3   | Noticed a five-headed hydra
 12754 | Lair:3   | Killed a five-headed hydra
 12882 | Lair:3   | Reached ****** piety under Okawaru
 13312 | Lair:3   | Received a gift from Okawaru
 13342 | Lair:3   | Got a crude war axe
 13421 | Lair:3   | Identified the +3 war axe "Derahubb" {chop, rElec Str+4} (You found it on level 3 of the Lair of Beasts)
 13695 | Lair:4   | Reached XP level 13. HP: 114/118 MP: 15/15
 14308 | Lair:4   | Found a staircase to the Swamp.
 14845 | Lair:5   | Reached skill level 5 in Invocations
 15618 | Lair:6   | Noticed Snorg
 15631 | Lair:6   | Killed Snorg
 15631 | Lair:6   | Received a gift from Okawaru
 15638 | Lair:6   | Got an ancient pearl dragon armour {god gift}
 15681 | Lair:6   | Identified the +0 pearl dragon armour "Soqiuth" {rN+ Regen+ Int+4} (Okawaru gifted it to you on level 6 of the Lair of Beasts)
 15922 | Lair:6   | Found a staircase to the Snake Pit.
 16022 | Lair:6   | Found a viscous altar of Jiyva.
 16022 | Lair:6   | Found a staircase to the Slime Pits.
 16411 | Lair:7   | Found a labyrinth entrance.
 16442 | Lab      | Entered a labyrinth
 17103 | Lab      | Noticed a minotaur
 17113 | Lab      | Killed a minotaur
 17147 | Lab      | Learned a level 1 spell: Shock
 17152 | Lab      | Got a pair of jewelled boots
 17164 | Lab      | Identified the +0 pair of boots of the Marlin {Str+3} (You found it in a labyrinth)
 17703 | Lair:7   | Noticed Rupert
 17711 | Lair:7   | Paralysed by Rupert for 5 turns
 17730 | Lair:7   | Killed Rupert
 17993 | Lair:7   | Reached XP level 14. HP: 129/129 MP: 9/18
 18163 | Lair:7   | Received a gift from Okawaru
 18348 | Lair:8   | Entered Level 8 of the Lair of Beasts
 18539 | Lair:8   | Found a dark tunnel.
 18547 | Volcano  | Entered a volcano
 18548 | Volcano  | Noticed Kloppie's ghost (journeyman MfBe)
 18558 | Volcano  | Killed Kloppie's ghost
 18826 | Volcano  | Found a burning altar of Makhleb.
 19014 | Lair:8   | Received a gift from Okawaru
 19028 | Lair:8   | Identified a +0 pair of boots of running (Okawaru gifted it to you on level 8 of the Lair of Beasts)
 21259 | D:11     | Found Ciguv's Book Shoppe.
 21378 | D:11     | Got an ancient spear
 22140 | D:12     | Found a staircase to the Orcish Mines.
 22218 | D:12     | Found a portal to a secret trove of treasure.
 22624 | D:13     | Got a shimmering scale mail
 22635 | D:13     | Identified the +2 scale mail of Hadjma {+Inv +Fly rN+} (You found it on level 13 of the Dungeon)
 22654 | D:13     | Reached XP level 15. HP: 138/138 MP: 11/20
 22940 | D:13     | Received a gift from Okawaru
 22956 | D:13     | Got a slimy hand axe {god gift}
 22958 | D:13     | Identified the +7 hand axe "Oxist" {holy, *Rage Fragile Str+3 Int+9} (Okawaru gifted it to you on level 13 of the Dungeon)
 23912 | D:13     | You fall through a shaft!
 24052 | D:14     | Noticed Norris
 24052 | D:14     | Noticed Donald
 24072 | D:14     | Killed Donald
 24128 | D:14     | Killed Norris
 24147 | D:14     | Found a gate to the Vaults.
 24596 | D:14     | Identified the +9 spear "Evih Atui" {antimagic, *Rage Int+4 Dex+5} (You found it on level 11 of the Dungeon)
 24893 | D:14     | Noticed Agnes
 24900 | D:14     | Killed Agnes
 24900 | D:14     | Received a gift from Okawaru
 24910 | D:14     | Got a translucent ring mail {god gift}
 24941 | D:14     | Identified the +5 ring mail "Luerph" {Int+4 SInv} (Okawaru gifted it to you on level 14 of the Dungeon)
 25081 | D:15     | Entered Level 15 of the Dungeon
 25087 | D:15     | Noticed Roxanne
 25104 | D:15     | Killed Roxanne
 25330 | D:15     | Reached skill level 15 in Fighting
 25386 | D:15     | Found a staircase to the Depths.
 25891 | Orc:1    | Entered Level 1 of the Orcish Mines
 26249 | Orc:1    | Reached XP level 16. HP: 149/149 MP: 13/22
 26375 | Orc:2    | Entered Level 2 of the Orcish Mines
 26433 | Orc:2    | Found a radiant altar of Vehumet.
 26530 | Orc:2    | Noticed Sonja
 26923 | Orc:2    | Killed Sonja
 26999 | Orc:2    | Found a staircase to the Elven Halls.
 27036 | Orc:2    | Received a gift from Okawaru
 27039 | Orc:2    | Got a slimy chain mail {god gift}
 27206 | Orc:2    | Found Cilalued's Food Shoppe.
 27206 | Orc:2    | Found Voudgh's Armour Boutique.
 27208 | Orc:2    | Found Zuras's Food Shop.
 27210 | Orc:2    | Found Yrphugis's Jewellery Emporium.
 27584 | Elf:1    | Entered Level 1 of the Elven Halls
 27673 | Orc:2    | Reached skill level 15 in Shields
 27832 | Elf:1    | Got a shimmering whip
 27846 | Elf:1    | Found Ufewothesoa's Weapon Boutique.
 28062 | Lair:1   | Identified the +0 chain mail "Xaikal" {-Tele rC++ Int+4 Dex+2} (Okawaru gifted it to you on level 2 of the Orcish Mines)
 28104 | Lair:1   | Identified the +6 whip of Objectivity {slash, Dex+5 Stlth-} (You found it on level 1 of the Elven Halls)
 28253 | Snake:1  | Entered Level 1 of the Snake Pit
 28312 | Snake:1  | Reached skill level 15 in Armour
 28320 | Snake:1  | Noticed Azrael
 28378 | Snake:1  | Noticed chfi's ghost (journeyman MiFi)
 28399 | Snake:1  | Killed chfi's ghost
 28532 | Snake:1  | Reached skill level 10 in Invocations
 28768 | Snake:1  | Received a gift from Okawaru
 28803 | Snake:1  | Got a dazzling shield {god gift}
 28873 | Snake:1  | Identified the +2 shield "Jausoutz" {+Inv rF+ Int+3} (Okawaru gifted it to you on level 1 of the Snake Pit)
 28958 | Snake:1  | Killed Azrael
 28958 | Snake:1  | Reached skill level 15 in Axes
 30003 | Snake:2  | Found a basalt altar of Yredelemnul.
 30448 | Snake:3  | Reached XP level 17. HP: 151/158 MP: 12/23
 30448 | Snake:3  | Received a gift from Okawaru
 30469 | Snake:3  | Got a translucent battleaxe {god gift}
 30472 | Snake:3  | Identified the +3 battleaxe of Satyriasis {freeze, MP-9 Str+2 Int+3} (Okawaru gifted it to you on level 3 of the Snake Pit)
 30808 | Snake:3  | Found a sacrificial altar of Ru.
 31461 | Snake:4  | Entered Level 4 of the Snake Pit
 32009 | Snake:4  | Received a gift from Okawaru
 34276 | Snake:4  | Reached skill level 15 in Dodging
 34288 | Snake:4  | Received a gift from Okawaru
 34713 | Snake:4  | Reached XP level 18. HP: 165/168 MP: 16/25
 35093 | Snake:4  | Got a serpentine rune of Zot
 35654 | Swamp:1  | Entered Level 1 of the Swamp
 35809 | Swamp:1  | Noticed Kirke
 36475 | Swamp:1  | Noticed Nikola
 36504 | Swamp:1  | Killed Nikola
 36646 | Swamp:1  | Reached skill level 1 in Transmutations
 36831 | Swamp:1  | Killed Kirke
 37137 | Swamp:2  | Noticed Louise
 37149 | Swamp:2  | Cast into level 3 of the Abyss (Louise)
 37252 | Swamp:2  | Escaped the Abyss
 37283 | Swamp:2  | Killed Louise
 37283 | Swamp:2  | Received a gift from Okawaru
 37421 | Swamp:2  | Noticed Jorgrun
 37434 | Swamp:2  | Learned a level 1 spell: Summon Small Mammal
 37479 | Swamp:2  | Killed Jorgrun
 38449 | Swamp:3  | Noticed a tentacled monstrosity
 38465 | Swamp:3  | Killed a tentacled monstrosity
 38665 | Swamp:4  | Entered Level 4 of the Swamp
 39465 | Swamp:3  | Received a gift from Okawaru
 40114 | Swamp:4  | Got a decaying rune of Zot
 40934 | Vaults:1 | Entered Level 1 of the Vaults
 41040 | Vaults:1 | Noticed Wiglaf
 41060 | Vaults:1 | Killed Wiglaf
 41314 | Vaults:1 | Reached skill level 1 in Evocations
 41371 | Vaults:1 | Reached XP level 19. HP: 170/177 MP: 16/27
 41374 | Vaults:1 | Received a gift from Okawaru
 41412 | Vaults:1 | Reached skill level 5 in Transmutations
 41552 | Vaults:1 | Found Masuofeu's Book Shoppe.
 41605 | Vaults:1 | Found a flickering gateway to a bazaar.
 41611 | Bazaar   | Entered a bazaar
 41617 | Bazaar   | Found Pijerey's Book Shop.
 41617 | Bazaar   | Found Yrghixor's Jewellery Boutique.
 41649 | Bazaar   | Bought a book of Minor Magic for 180 gold pieces
 41652 | Bazaar   | Bought an uncursed ring of resist corrosion for 200 gold pieces
 41688 | Bazaar   | Bought an uncursed ring of see invisible for 150 gold pieces
 41955 | Vaults:1 | Found Jiuniamm's Distillery.
 41960 | Vaults:1 | Bought a potion of heal wounds for 95 gold pieces
 41960 | Vaults:1 | Bought a potion of haste for 190 gold pieces
 41960 | Vaults:1 | Bought a potion of curing for 57 gold pieces
 42339 | Vaults:1 | Received a gift from Okawaru
 42826 | Vaults:1 | Learned a level 1 spell: Magic Dart
 42829 | Vaults:1 | Learned a level 2 spell: Call Imp
 42832 | Vaults:1 | Learned a level 2 spell: Blink
 42887 | Vaults:2 | Cast into level 3 of the Abyss (a deep elf sorcerer)
 42887 | Abyss:3  | Found a corrupted altar of Lugonu.
 42955 | Abyss:3  | Noticed a bone dragon
 42991 | Abyss:3  | Killed a bone dragon
 43019 | Abyss:3  | Noticed a bone dragon
 43039 | Abyss:3  | Killed a bone dragon
 43046 | Vaults:2 | Escaped the Abyss
 43543 | Vaults:2 | Reached XP level 20. HP: 141/187 MP: 15/28
 44250 | Vaults:2 | Found Lolyss's Gadget Boutique.
 44466 | Vaults:3 | Received a gift from Okawaru
 44583 | Vaults:3 | Reached skill level 5 in Evocations
 45074 | Vaults:3 | Noticed Aizul
 45091 | Vaults:3 | Killed Aizul
 45606 | Vaults:3 | Found a staircase to the Crypt.
 45606 | Vaults:3 | Found a basalt altar of Yredelemnul.
 45607 | Vaults:3 | Found an ancient bone altar of Kikubaaqudgha.
 45648 | Vaults:3 | Learned a level 1 spell: Infusion
 46014 | Vaults:3 | Identified Bevo's Volume of Feathers and Orientation (You found it on level 3 of the Vaults)
 46254 | Depths:1 | Entered Level 1 of the Depths
 46263 | Depths:1 | Received a gift from Okawaru
 46374 | Depths:1 | Noticed Sojobo
 46648 | D:15     | Killed Sojobo
 46845 | Depths:1 | Found a one-way gate leading to the halls of Pandemonium.
 47017 | Depths:1 | Identified a scroll of acquirement
 47026 | Depths:1 | Got a twisted shield
 47037 | Depths:1 | Identified the +3 shield "Logyhet" {rElec rPois Str-2 SInv} (You acquired it on level 1 of the Depths)
 47119 | Depths:1 | Paralysed by a wizard for 7 turns
 47504 | Depths:1 | Found a gateway to Hell.
 47635 | Depths:1 | Noticed letownia's ghost (veteran OpWz)
 47659 | Depths:1 | Killed letownia's ghost
 47659 | Depths:1 | Received a gift from Okawaru
 47659 | Depths:1 | Reached XP level 21. HP: 195/195 MP: 20/29
 48111 | Depths:2 | Noticed Asterion
 48121 | Depths:2 | Killed Asterion
 48150 | Depths:2 | Lost intelligence.
 48156 | Depths:2 | HP: 9/195 [deep troll earth mage (8)]
 48158 | Depths:2 | Slain by a deep troll earth mage

Skill      XL: |  1  2  3  4  5  6  7  8  9 10 11 12 13 14 15 16 17 18 19 20 21 |
---------------+----------------------------------------------------------------+-----
Shields        | 4 5 6 7 8 10 11 12 13 14 15 16 17 18 | 18.5
Dodging        | 1 2 3 4 5 7 8 9 10 11 12 13 14 15 16 17 | 17.5
Axes           | 3 4 5 6 7 9 10 11 12 13 14 15 16 17 18 | 18.3
Armour         | 4 5 7 8 9 10 11 12 13 14 15 16 17 18 | 18.6
Fighting       | 4 5 6 7 8 10 11 12 13 14 15 16 17 18 | 18.7
Invocations    | 2 4 6 8 9 10 11 12 | 12.3
Transmutations | 4 7 8 9 |  9.3
Evocations     | 1 4 6 |  6.7

Action                   |  1- 3 |  4- 6 |  7- 9 | 10-12 | 13-15 | 16-18 | 19-21 || total
-------------------------+-------+-------+-------+-------+-------+-------+-------++-------
Melee: War axe           |    75 |   113 |   319 |   217 |    22 |    17 |       ||   763
       Headbutt          |    13 |    24 |    81 |   165 |   302 |   385 |   303 ||  1273
       Broad axe         |       |       |       |   302 |  1100 |  1283 |   954 ||  3639
       Hand axe          |       |       |       |   110 |       |       |       ||   110
       Mace              |       |       |       |    47 |    20 |       |       ||    67
       Whip              |       |       |       |       |       |   106 |       ||   106
       Unarmed           |       |       |       |       |       |    16 |       ||    16
Invok: Heroism           |       |       |       |     1 |       |     1 |     2 ||     4
       Finesse           |       |       |       |       |       |       |     1 ||     1
Evoke: Wand              |       |       |     1 |     3 |       |     1 |       ||     5
  Use: Potion            |       |     1 |     1 |     2 |     5 |    14 |     3 ||    26
       Scroll            |       |       |     8 |    23 |    10 |    19 |     5 ||    65
 Stab: Confused          |       |       |       |       |       |     1 |       ||     1
  Eat: Chunk             |     2 |     5 |     7 |    19 |    21 |    12 |    30 ||    96
       Meat ration       |       |       |     1 |     1 |     3 |     5 |     1 ||    11
       Fruit             |       |       |       |     2 |     4 |    13 |     4 ||    23
       Pizza             |       |       |       |       |     1 |       |       ||     1
       Royal jelly       |       |       |       |       |       |     1 |       ||     1
Armor: Scale mail        |    36 |    44 |    39 |       |       |       |       ||   119
       Leather armour    |       |       |    58 |    81 |       |       |       ||   139
       Plate armour      |       |       |       |   275 |   567 |   605 |   316 ||  1763
Dodge: Dodged            |    31 |    32 |   108 |   380 |   487 |   674 |   614 ||  2326
Block: Shield            |    29 |    67 |   174 |   693 |   965 |  1281 |   874 ||  4083
       Reflection        |       |       |       |       |       |       |     7 ||     7
